 Dungeon Crawl Stone Soup version bcrawl-1.12-8-g964540c432 (webtiles) character file.

Game seed: 9098909406451064382

6687 wont the Basher (level 11, -5/93 (94) HPs)
             Began as a Sand Dwarf Hunter on June 2, 2019.
             Was a Believer of Cheibriados.
             Splashed by a brown ugly thing's acid (7 damage)
             ... on level 10 of the Dungeon.
             The game lasted 00:18:16 (9210 turns).

wont the Basher (Sand Dwarf Hunter)                 Turns: 9210, Time: 00:18:16

HP:   -5/93 (94)    AC:  7    Str: 22    XL:     11   Next: 3%
MP:   11/11         EV: 14    Int: 16    God:    Cheibriados [**....]
Gold: 666           SH:  4    Dex: 17    Spells: 10/10 levels left

rFire    . . .     SeeInvis .   V - +2 hand axe (elec)
rCold    . . .     Gourm    .   (shield restricted)
rNeg     . . .     Faith    .   u - +4 scale mail {rPois}
rPois    +         Spirit   .   C - +0 helmet
rElec    .         Reflect  +   L - +2 cloak
rCorr    .         Harm     .   w - +0 pair of gloves
MR       +....                  K - +0 pair of boots
Stlth    +.........             M - +4 amulet of reflection
HPRegen  0.25/turn              D - ring of wizardry
MPRegen  0.12/turn              (no ring)

@: corroded, very slow
A: small, slowness 1, armour attunement
a: Bend Time, Renounce Religion


You were on level 10 of the Dungeon.
You worshipped Cheibriados.
Cheibriados was pleased with you.
You were not hungry.

You visited 2 branches of the dungeon, and saw 11 of its levels.
You also visited: Sewer.

You collected 765 gold pieces.
You spent 99 gold pieces at shops.

Inventory:

Hand Weapons
 a - a +1 hand crossbow of flaming
 b - a +0 short sword
 h - a +0 mace
 y - a +3 dagger
 E - a +0 flail of crushing
 G - a +1 whip of freezing
 N - a +1 mace of holy wrath
 V - a +2 hand axe of electrocution (weapon)
Missiles
 d - 483 bolts
 o - 989 stones (quivered)
Armour
 c - a +0 leather armour
 q - a +0 chain mail
 u - a +4 scale mail of poison resistance (worn)
 w - a +0 pair of gloves (worn)
 C - a +0 helmet (worn)
 F - a +0 plate armour
 J - a +0 chain mail of cold resistance
 K - a +0 pair of boots (worn)
 L - a +2 cloak (worn)
 R - a +0 plate armour of cold resistance
 W - a +1 leather armour of fire resistance
Magical Staves
 T - an uncursed staff of power
Jewellery
 D - a ring of wizardry (left hand)
 M - a +4 amulet of reflection (around neck)
Wands
 j - a wand of polymorph (7)
 A - a wand of digging (7)
 B - a wand of iceblast (19)
 O - a wand of acid (13)
 Q - a wand of enslavement (13)
Scrolls
 g - 7 scrolls of identify
 i - 2 scrolls of remove curse
 k - 4 scrolls of teleportation
 v - 2 scrolls of enchant armour
 x - 3 scrolls of fear
 H - a scroll of magic mapping
 P - a scroll of blinking
Potions
 e - 3 potions of flight {unknown}
 l - a potion of brilliance {unknown}
 m - a potion of haste {unknown}
 n - a potion of magic {unknown}
 p - 6 potions of curing
 r - 2 potions of mutation {unknown}
 s - a potion of might {unknown}
 t - 4 potions of lignification {unknown}
 z - 4 potions of heal wounds {unknown}
 I - 3 potions of degeneration {unknown}
Comestibles
 f - 10 rations {!d}


   Skills:
 + Level 8.2 Fighting
 * Level 13.3 Maces & Flails
 + Level 10.5 Crossbows
 + Level 8.5 Armour
 + Level 3.6 Dodging
 + Level 1.2 Stealth


You had 10 spell levels left.
You didn't know any spells.
Your spell library contained the following spells:

 Spells                   Type           Power        Failure   Level  Hunger
 Freeze                   Ice            #...         11%         1    ##.....
 Ensorcelled Hibernation  Hex/Ice        #.....       16%         2    ###....
 Throw Frost              Conj/Ice       #.....       16%         2    ###....
 Ozocubu's Armour         Chrm/Ice       #.......     28%         3    ####...
 Summon Ice Beast         Ice/Summ       #.......     65%         4    #####..
 Throw Icicle             Conj/Ice       #.......     65%         4    #####..
 Silence                  Hex/Air        #.........   93%         5    ######.
 Borgnjor's Vile Clutch   Necr/Erth      #.........   100%        6    #######
 Darkness                 Hex            #.........   100%        6    #######
 Shadow Creatures         Summ           N/A          100%        6    #######


Dungeon Overview and Level Annotations

Branches:
Dungeon (10/12)            Temple (1/1) D:7            Lair (0/6) D:9
    Orc (0/1) D:10

Altars:
Ashenzari
Cheibriados
Dithmenos
Elyvilon
Fedhas
Gozag
Hepliaklqana
Kikubaaqudgha
Lugonu
Makhleb
Nemelex Xobeh
Okawaru
Qazlal
Ru
Sif Muna
Trog
Uskayaw
Vehumet
Wu Jian
Xom
Yredelemnul
Zin
The Shining One

Shops:
D:7 %[(

Annotations:
D:2 Sigmund


Innate Abilities, Weirdness & Mutations

You are small and have problems with some larger weapons.
You cover ground slowly.
Armour does not affect your spellcasting.


Message History

The brown ugly thing is severely wounded.
You hit the brown ugly thing but do no damage.
The brown ugly thing is severely wounded.
The brown ugly thing stings you!
* * * LOW HITPOINT WARNING * * *
You are splashed with acid!
* * * LOW HITPOINT WARNING * * *
You hit the brown ugly thing.
The brown ugly thing is severely wounded.
The brown ugly thing stings you.
* * * LOW HITPOINT WARNING * * *
The acid corrodes you!
You are splashed with acid.
* * * LOW HITPOINT WARNING * * *
Unknown command.
You hit the brown ugly thing.
The brown ugly thing is severely wounded.
The brown ugly thing stings you!
* * * LOW HITPOINT WARNING * * *
The acid corrodes you!
You are splashed with acid!
You die...

##.##....######
....................>..
#......# #......####.##
#......# #......'......
.......# #......###.###
......# #......# #.†..
......########.# #..##
###+#u.........###....
#..$.@.#########.....#
....#.#..# #.#..## .
#....# #.#.... ..>..##
#....## #.....# ######
........ ........
........


You could see a brown ugly thing.

Vanquished Creatures
  Psyche (D:8)
  A two-headed ogre (D:8)
  Pikel (D:4)
  2 centaur skeletons
  Grinder (D:3)
  A hippogriff (D:6)
  3 hungry ghosts
  Edmund (D:4)
  2 water moccasins (D:7)
  A black bear (D:5)
  2 sky beasts (D:5)
  2 ice beasts
  2 phantoms
  3 slaves (D:4)
  4 orc warriors
  4 centaurs
  2 ogres
  A necrophage (D:10)
  A big kobold (Sewer)
  Blork the orc (D:4)
  2 bullfrogs
  3 scorpions
  5 killer bees
  A howler monkey (D:5)
  2 crimson imps (D:9)
  A quasit (D:7)
  2 jellies (D:5)
  3 hounds
  An orc priest (D:5)
  An iguana (D:7)
  Terence (D:2)
  6 orc wizards
  Natasha (D:3)
  2 worker ants
  A killer bee zombie (D:5)
  A hound skeleton (D:4)
  A worker ant zombie (D:9)
  2 howler monkey zombies
  3 gnolls (D:8)
  2 river rats (Sewer)
  12 adders
  An ooze (D:5)
  An adder zombie (D:3)
  5 worms
  6 dart slugs
  5 leopard geckos
  31 orcs
  A ball python (D:1)
  5 giant cockroaches
  9 hobgoblins
  10 jackals
  7 quokkas
  4 bats
  5 frilled lizards
  2 gnoll zombies (D:9)
  9 goblins
  12 kobolds
  8 rats
210 creatures vanquished.

Vanquished Creatures (others)
  A slave (D:6)
  Menkaure (D:6)
  An orc wizard (D:6)
  An orc priest (D:6)
  2 orcs (D:6)
  A quokka (D:5)
7 creatures vanquished.

Grand Total: 217 creatures vanquished

Notes
Turn   | Place    | Note
-------+----------+-------------------------------------------
     0 | D:1      | wont the Sand Dwarf Hunter began the quest for the Orb.
     0 | D:1      | Reached XP level 1. HP: 18/18 MP: 1/1
   122 | D:1      | Reached skill level 5 in Crossbows
   188 | D:1      | Reached XP level 2. HP: 25/25 MP: 2/2
   326 | D:1      | Reached skill level 1 in Maces & Flails
   330 | D:1      | Reached XP level 3. HP: 16/30 MP: 3/3
   970 | D:1      | Reached skill level 2 in Maces & Flails
   970 | D:1      | Reached skill level 1 in Armour
   970 | D:1      | Reached XP level 4. HP: 22/37 MP: 4/4
  1539 | D:2      | Reached skill level 3 in Maces & Flails
  1604 | D:2      | Noticed Sigmund
  1823 | D:2      | Noticed Terence
  1838 | D:2      | Killed Terence
  1838 | D:2      | Reached skill level 4 in Maces & Flails
  1838 | D:2      | Reached XP level 5. HP: 42/42 MP: 5/5
  2195 | D:3      | Found a corrupted altar of Lugonu.
  2195 | D:3      | Found a bloodstained altar of Trog.
  2196 | D:3      | Found a sparkling altar of Nemelex Xobeh.
  2298 | D:3      | Found a glowing drain.
  2369 | Sewer    | Entered a sewer
  2385 | Sewer    | Reached skill level 5 in Maces & Flails
  2564 | Sewer    | Noticed a big kobold
  2580 | Sewer    | Killed a big kobold
  2580 | Sewer    | Reached skill level 1 in Stealth
  2580 | Sewer    | Reached XP level 6. HP: 48/51 MP: 6/6
  2615 | Sewer    | Found a white marble altar of Elyvilon.
  2668 | D:3      | Noticed Natasha
  2679 | D:3      | Killed Natasha
  2911 | D:3      | Reached skill level 6 in Maces & Flails
  3188 | D:4      | Noticed a hungry ghost
  3212 | D:4      | Noticed Grinder
  3212 | D:4      | Noticed a phantom
  3221 | D:3      | Paralysed by Grinder for 3 turns
  3232 | D:3      | Paralysed by Grinder for 4 turns
  3240 | D:3      | Killed Grinder
  3240 | D:3      | Reached skill level 7 in Maces & Flails
  3240 | D:3      | Reached XP level 7. HP: 7/58 MP: 7/7
  3527 | D:4      | Reached skill level 8 in Maces & Flails
  3535 | D:4      | Killed a hungry ghost
  3595 | D:4      | Noticed Edmund
  3610 | D:4      | Killed Edmund
  3610 | D:4      | Reached skill level 9 in Maces & Flails
  3610 | D:4      | Reached XP level 8. HP: 57/66 MP: 8/8
  3674 | D:4      | Noticed Blork the orc
  3678 | D:4      | Killed Blork the orc
  3747 | D:4      | Found a burning altar of Makhleb.
  3750 | D:4      | Noticed a blizzard demon
  3823 | D:4      | Noticed Pikel
  3834 | D:4      | Killed Pikel
  3848 | D:4      | Found a shattered altar of Ashenzari.
  3848 | D:4      | Found a shadowy altar of Dithmenos.
  3929 | D:4      | Reached skill level 5 in Fighting
  3961 | D:4      | Found an opulent altar of Gozag.
  4320 | D:5      | Entered Level 5 of the Dungeon
  4353 | D:5      | Reached skill level 10 in Maces & Flails
  4404 | D:5      | Reached XP level 9. HP: 51/74 MP: 9/9
  4608 | D:5      | Reached skill level 5 in Armour
  4991 | D:5      | Reached skill level 11 in Maces & Flails
  5363 | D:5      | Found a hide-covered altar of Uskayaw.
  5505 | D:5      | Found an ancient bone altar of Kikubaaqudgha.
  5506 | D:5      | Found a white marble altar of Elyvilon.
  5613 | D:5      | Found a hazy altar of Hepliaklqana.
  5748 | D:6      | Noticed Menkaure
  5752 | D:6      | Killed Menkaure
  6088 | D:6      | Reached skill level 12 in Maces & Flails
  6219 | D:6      | Found a deep blue altar of Sif Muna.
  6237 | D:6      | Found a glowing golden altar of the Shining One.
  6747 | D:7      | Reached XP level 10. HP: 84/84 MP: 10/10
  6757 | D:7      | Found a staircase to the Ecumenical Temple.
  6787 | Temple   | Entered the Ecumenical Temple
  6969 | Temple   | Became a worshipper of Cheibriados the Contemplative
  7008 | D:7      | Found Arghesyib's Weapon Shop.
  7017 | D:7      | Bought a +0 hand crossbow of flaming for 99 gold pieces
  7080 | D:7      | Found Oxoxzeof's Food Shop.
  7083 | D:7      | Found Waotteik's Antique Armour Boutique.
  7234 | D:7      | Found a shimmering altar of Xom.
  7356 | D:7      | Found a glowing silver altar of Zin.
  7406 | D:7      | Found a sacrificial altar of Ru.
  7612 | D:8      | Noticed a two-headed ogre
  7620 | D:8      | Killed a two-headed ogre
  7950 | D:8      | Reached * piety under Cheibriados
  8293 | D:8      | Noticed Psyche
  8307 | D:8      | Paralysed by Psyche for 2 turns
  8315 | D:8      | Killed Psyche
  8315 | D:8      | Reached skill level 13 in Maces & Flails
  8315 | D:8      | Reached skill level 10 in Crossbows
  8842 | D:9      | Found a basalt altar of Yredelemnul.
  8921 | D:9      | Reached ** piety under Cheibriados
  8963 | D:9      | Found a staircase to the Lair.
  8979 | D:9      | Reached XP level 11. HP: 94/94 MP: 11/11
  9123 | D:10     | Entered Level 10 of the Dungeon
  9183 | D:10     | Found a staircase to the Orcish Mines.
  9186 | D:10     | Noticed a brown ugly thing
  9210 | D:10     | HP: 2/93 [brown ugly thing (7)]
  9210 | D:10     | Splashed by a brown ugly thing's acid

Skill      XL: |  1  2  3  4  5  6  7  8  9 10 |
---------------+-------------------------------+-----
Crossbows      | 5 6 8 10 | 10.5
Maces & Flails | 1 2 4 5 7 9 10 12 13 | 13.3
Armour         | 1 2 3 4 6 8 |  8.5
Fighting       | 3 4 5 6 8 |  8.2
Dodging        | 2 3 |  3.6
Stealth        | 1 |  1.2

Action                   |  1- 3 |  4- 6 |  7- 9 | 10-12 || total
-------------------------+-------+-------+-------+-------++-------
Melee: Mace              |    51 |   300 |     5 |     3 ||   359
       Whip              |       |       |   361 |    11 ||   372
       Hand axe          |       |       |       |   125 ||   125
 Fire: Hand crossbow     |    21 |    10 |    86 |    80 ||   197
  Use: Scroll            |       |     2 |     1 |    11 ||    14
 Stab: Sleeping          |     1 |     1 |       |       ||     2
  Eat: Chunk             |       |     9 |    11 |     6 ||    26
       Ration            |       |       |     2 |     1 ||     3
Armor: Leather armour    |    11 |    14 |       |       ||    25
       Scale mail        |       |    94 |   109 |    74 ||   277
Dodge: Dodged            |    49 |   254 |   170 |   103 ||   576
Block: Other             |       |       |    20 |    24 ||    44
